 Dungeon Sprint DCSS version 0.22-a0-538-g76cc104 (webtiles) character file.

5460 raistware the Eclecticist (level 10, -5/35 HPs)
             Began as a Deep Elf Conjurer on June 23, 2018.
             Was an Elder of Vehumet.
             Slain by a centaur warrior (12 damage)
             ... in the Dungeon (Sprint I: "Red Sonja").
             The game lasted 00:16:17 (1217 turns).

raistware the Eclecticist (Deep Elf Conjurer)       Turns: 1217, Time: 00:16:18

Health: -5/35      AC:  5    Str:  1    XL:     10   Next: 41%
Magic:  16/26      EV: 14    Int: 22    God:    Vehumet [****..]
Gold:   289        SH:  5    Dex: 13    Spells: 7/42 levels left

rFire    . . .     SeeInvis .   l - +0 dagger
rCold    . . .     Gourm    .   m - +0 buckler
rNeg     . . .     Faith    .   a - +0 robe
rPois    .         Spirit   .   (no helmet)
rElec    .         Reflect  .   b - +0 cloak
rCorr    .         Harm     .   j - +1 pair of gloves
MR       +....     Rnd*Rage +   (no boots) Stlth ++........NoTele +
                                (no amulet)
HPRegen  0.00/turn              (no ring)
MPRegen  0.20/turn              (no ring)

@: no status effects
A: berserk 1, blurry vision 1, clumsy 1, dopey 1, frail 3, low mp 2, screaming
1, inhibited regeneration, weak 2, subdued magic 2
a: Renounce Religion


You were in the Dungeon.
You worshipped Vehumet.
Vehumet was greatly pleased with you.
You were very hungry.

You visited 1 branch You collected 810 gold pieces.
You spent 521 gold pieces at shops.

Inventory:

Hand Weapons
 l - a +0 dagger (weapon)
Missiles
 f - 4 curare-tipped needles
Armour
 a - a +0 robe (worn)
 b - a +0 cloak (worn)
 j - a +1 pair of gloves (worn)
 m - a +0 buckler (worn)
Scrolls
 h - a scroll of enchant armour {unknown}
 i - 2 scrolls of blinking
 k - 3 scrolls of silence {unknown}
Potions
 d - a potion of curing
Comestibles
 c - a ration


   Skills:
 - Level 4.9 Dodging
 - Level 2.4 Stealth
 - Level 4.3 Shields
 + Level 16.8 Spellcasting
 + Level 16.0 Conjurations
 - Level 12.0 Hexes
 + Level 10.4 Fire Magic


You had 7 spell levels left.
You knew the following spells:

 Your Spells              Type           Power        Failure   Level  Hunger
a - Magic Dart            Conj           ####         0%          1    None
b - Searing Ray           Conj           ######       0%          2    None
c - Iskenderun's Mystic   Conj           ######..     0%          4    None
d - Dazzling Spray        Conj/Hex       ######       0%          3    None
e - Force Lance           Conj/Tloc      ####....     1%          4    None
f - Fulminant Prism       Conj/Hex       ######....   0%          4    None
g - Flame Tongue          Conj/Fire      #####        0%          1    None
h - Conjure Flame         Conj/Fire      #####...     0%          3    None
i - Mephitic Cloud        Conj/Pois/Air  ####....     1%          3    None
j - Inner Flame           Hex/Fire       #####...     0%          3    None
k - Sticky Flame          Conj/Fire      #####...     1%          4    None
l - Confuse               Hex            #####...     0%          3    None

Your spell library contained the following spells:

 Spells                   Type           Power        Failure   Level  Hunger
 Slow                     Hex            #####...     0%          2    None
 Blink                    Tloc           N/A          2%          2    None
 Call Imp                 Summ           ##......     2%          2    None
 Confusing Touch          Hex            #####.       0%          1    None
 Metabolic Englaciation   Hex/Ice        ####......   4%          5    ##.....
 Petrify                  Tmut/Erth      ##......     22%         4    None
 Gell's Gravitas          Tloc           ##........   5%          3    None
 Yara's Violent Unravell  Hex/Tmut       ####......   1%          5    ##.....


Dungeon Overview and Level Annotations

Branches:
Dungeon (1/1)

Altars:
Cheibriados
Dithmenos
Elyvilon
Fedhas
Gozag
Hepliaklqana
Kikubaaqudgha
Makhleb
Nemelex Xobeh
Okawaru
Qazlal
Ru
Sif Muna
Trog
Uskayaw
Vehumet
Wu Jian
Xom
Yredelemnul
Zin
The Shining One
Jiyva
Lugonu

Shops:
D :([[**[

Annotations:
D Sonja


Innate Abilities, Weirdness & Mutations

You tend to lose your temper in combat.
Scrolls take you a little longer to read.
You are clumsy. (Dex -2)
You are dopey. (Int -2)
You are extremely frail. (-30% HP)
Your magical capacity is very low. (-20% MP)
You occasionally shout uncontrollably at your foes.
You do not regenerate when monsters are visible.
You are very weak. (Str -4)
Your spells are easier to cast, but less powerful.


Message History

Aim: a centaur warrior, wielding a shortbow (moderately wounded)
The lance of force hits the centaur warrior.
The centaur warrior is heavily wounded.
The centaur warrior unwields an uncursed shortbow.
The centaur warrior barely misses you. The centaur warrior hits you.
Casting: Force Lance (safe; 1% risk of failure)
Confirm with . or Enter, or press ? or * to list all spells.
Okay, then.
Magic courses through your body. The centaur warrior hits you!
Casting: Force Lance (safe; 1% risk of failure)
Confirm with . or Enter, or press ? or * to list all spells.
Aiming: Force Lance (safe; 1% risk of failure)
Press: ? - help, Shift-Dir - straight line, f/p - centaur warrior
Aim: a centaur warrior (heavily wounded)
The lance of force hits the centaur warrior.
The centaur warrior is severely wounded.
The centaur warrior hits you!
* * * LOW HITPOINT WARNING * * *
The centaur warrior hits you!
You die...

#⌠⌠#_.∩...'..._#§≈c§.#
####_..__##_.#'##*###
#_____###'#(#(§(.###
############.####c###.##
#∩........'..*')..*.'.∩#
###''''####..c##########
#.......####.###
#........#.#c#.#
#..#.....#..(@.#
#........#...[.#
#.....#..#######
#........# #..#.....#
#........# ###''''###
#∩......∩# #........#


You could see a centaur warrior.

Vanquished Creatures
  A centaur warrior (D)
  A deep troll (D)
  6 shining eyes (D)
  2 kobold demonologists (D)
  A slime creature (D)
  Sigmund (D)
  A yak (D)
  5 floating eyes (D)
  An ogre (D)
  A jelly (D)
  Ijyb (D)
  2 ballistomycetes (D)
  5 fulminant prisms (D)
28 creatures vanquished.

Vanquished Creatures (others)
  2 shining eyes (D)
  2 hornets (D)
  2 ballistomycete spores (D)
  33 fulminant prisms (D)
39 creatures vanquished.

Grand Total: 67 creatures vanquished

Notes
Turn   | Place    | Note
-------+----------+-------------------------------------------
     0 | D        | raistware the Deep Elf Conjurer began the quest for the Orb.
     0 | D        | Reached XP level 1. HP: 10/10 MP: 6/6
     2 | D        | Noticed Ijyb
    15 | D        | Killed Ijyb
    15 | D        | Reached skill level 5 in Spellcasting
    15 | D        | Reached XP level 2. HP: 15/15 MP: 3/10
    24 | D        | Learned a level 2 spell: Searing Ray
    52 | D        | Noticed an ogre
    58 | D        | Killed an ogre
    58 | D        | Reached XP level 3. HP: 19/19 MP: 4/14
    58 | D        | Reached XP level 4. HP: 24/24 MP: 4/15
    64 | D        | Learned a level 4 spell: Iskenderun's Mystic Blast
    68 | D        | Learned a level 3 spell: Dazzling Spray
    73 | D        | Learned a level 4 spell: Force Lance
    78 | D        | Learned a level 4 spell: Fulminant Prism
   141 | D        | Killed Sigmund
   141 | D        | Reached skill level 10 in Conjurations
   141 | D        | Reached XP level 5. HP: 28/28 MP: 7/18
   216 | D        | Found a deep blue altar of Sif Muna.
   217 | D        | Found an ornate altar of the Wu Jian Council.
   223 | D        | Reached skill level 5 in Hexes
   223 | D        | Reached XP level 6. HP: 32/32 MP: 10/20
   225 | D        | Found a radiant altar of Vehumet.
   252 | D        | Became a worshipper of Vehumet
   279 | D        | Found Cuoxezin's Armour Emporium.
   279 | D        | Found an ancient bone altar of Kikubaaqudgha.
   279 | D        | Found a hazy altar of Hepliaklqana.
   279 | D        | Found a hide-covered altar of Uskayaw.
   279 | D        | Found a basalt altar of Yredelemnul.
   279 | D        | Found an opulent altar of Gozag.
   279 | D        | Found a snail-covered altar of Cheibriados.
   279 | D        | Found a sacrificial altar of Ru.
   279 | D        | Found a shadowy altar of Dithmenos.
   279 | D        | Noticed a yak
   284 | D        | Killed a yak
   284 | D        | Reached skill level 10 in Spellcasting
   287 | D        | Found a stormy altar of Qazlal.
   287 | D        | Found a blossoming altar of Fedhas.
   287 | D        | Found a bloodstained altar of Trog.
   287 | D        | Found an iron altar of Okawaru.
   287 | D        | Found a glowing golden altar of the Shining One.
   287 | D        | Found a glowing silver altar of Zin.
   287 | D        | Found a white marble altar of Elyvilon.
   288 | D        | Found a sparkling altar of Nemelex Xobeh.
   292 | D        | Bought a +0 cloak for 58 gold pieces
   292 | D        | Bought a +1 pair of gloves for 149 gold pieces
   312 | D        | Found a viscous altar of Jiyva.
   312 | D        | Found a corrupted altar of Lugonu.
   312 | D        | Noticed a slime creature
   317 | D        | Killed a slime creature
   320 | D        | Found a burning altar of Makhleb.
   320 | D        | Found a shimmering altar of Xom.
   383 | D        | Killed a hornet
   393 | D        | Noticed a kobold demonologist
   396 | D        | Killed a floating eye
   396 | D        | Reached * piety under Vehumet
   396 | D        | Offered knowledge of Flame Tongue by Vehumet.
   396 | D        | Reached XP level 7. HP: 36/36 MP: 17/23
   399 | D        | Killed a kobold demonologist
   399 | D        | Reached skill level 10 in Hexes
   404 | D        | Killed a kobold demonologist
   404 | D        | Reached XP level 8. HP: 41/41 MP: 10/26
   412 | D        | Learned a level 1 spell: Flame Tongue
   488 | D        | Noticed Sonja
   491 | D        | Killed a hornet
   589 | D        | Found Vaag's Book Boutique.
   597 | D        | Bought a book of Minor Magic for 260 gold pieces
   601 | D        | Learned a level 3 spell: Conjure Flame
   613 | D        | Noticed a deep troll
   617 | D        | Killed a deep troll
   617 | D        | Offered knowledge of Throw Frost by Vehumet.
   617 | D        | Reached ** piety under Vehumet
   634 | D        | Found Feheg's Armour Emporium.
   641 | D        | Bought a +0 buckler for 54 gold pieces
   743 | D        | Noticed a shining eye
   743 | D        | Noticed a shining eye
   743 | D        | Noticed a shining eye
   743 | D        | Gained mutation: You tend to lose your temper in combat. [a shining eye]
   744 | D        | Gained mutation: You are clumsy. (Dex -2) [a shining eye]
   745 | D        | Gained mutation: You are frail. (-10% HP) [a shining eye]
   747 | D        | Paralysed by a floating eye for 2 turns
   748 | D        | Noticed a shining eye
   751 | D        | Paralysed by a floating eye for 4 turns
   758 | D        | Reached skill level 1 in Shields
   761 | D        | Gained mutation: You are weak. (Str -2) [a shining eye]
   762 | D        | Gained mutation: You are dopey. (Int -2) [a shining eye]
   762 | D        | Killed a shining eye
   762 | D        | Reached skill level 5 in Fire Magic
   762 | D        | Reached XP level 9. HP: 40/40 MP: 11/29
   764 | D        | Gained mutation: Your spells are a little easier to cast, but a little less powerful. [a shining eye]
   764 | D        | Killed a shining eye
   764 | D        | Reached *** piety under Vehumet
   768 | D        | Gained mutation: Your magical capacity is low. (-10% MP) [a shining eye]
   771 | D        | Gained mutation: You are very weak. (Str -4) [a shining eye]
   771 | D        | Noticed a shining eye
   772 | D        | Lost mutation: Your spells are a little easier to cast, but a little less powerful. [a shining eye]
   777 | D        | Killed a shining eye
   777 | D        | Reached skill level 15 in Spellcasting
   777 | D        | Killed a shining eye
   779 | D        | Gained mutation: You are very frail. (-20% HP) [a shining eye]
   780 | D        | Gained mutation: Your spells are a little easier to cast, but a little less powerful. [a shining eye]
   783 | D        | Killed a shining eye
   783 | D        | Reached skill level 15 in Conjurations
   862 | D        | Learned a level 3 spell: Mephitic Cloud
   868 | D        | Noticed a shining eye
   870 | D        | Gained mutation: Scrolls take you a little longer to read. [a shining eye]
   877 | D        | Noticed a shining eye
   880 | D        | Noticed a shining eye
   880 | D        | Reached **** piety under Vehumet
   880 | D        | Offered knowledge of Inner Flame by Vehumet.
   880 | D        | Reached XP level 10. HP: 40/40 MP: 10/28
   880 | D        | Killed a shining eye
   881 | D        | Gained mutation: You do not regenerate when monsters are visible. [a shining eye]
   881 | D        | Killed a shining eye
   887 | D        | Learned a level 3 spell: Inner Flame
   983 | D        | Gained mutation: Your spells are easier to cast, but less powerful. [a shining eye]
   984 | D        | Gained mutation: Your magical capacity is very low. (-20% MP) [a shining eye]
   987 | D        | Gained mutation: You occasionally shout uncontrollably at your foes. [a shining eye]
   991 | D        | Gained mutation: You are extremely frail. (-30% HP) [a shining eye]
   994 | D        | Killed a shining eye
   994 | D        | Offered knowledge of Sticky Flame by Vehumet.
  1000 | D        | Learned a level 4 spell: Sticky Flame
  1090 | D        | Found Vauxkan's General Store.
  1090 | D        | Found Samanuh's Antique Weapon Shoppe.
  1090 | D        | Found Yqofefie's General Store.
  1090 | D        | Found Boercha's Armour Emporium.
  1134 | D        | Learned a level 3 spell: Confuse
  1144 | D        | Noticed a centaur warrior
  1144 | D        | Noticed a centaur warrior
  1174 | D        | HP: 1/35 [centaur warrior/arrow (13)]
  1176 | D        | Killed a centaur warrior
  1176 | D        | Offered knowledge of Fireball by Vehumet.
  1176 | D        | Reached skill level 10 in Fire Magic
  1209 | D        | HP: 1/35 [centaur warrior/arrow (28)]
  1217 | D        | Slain by a centaur warrior

Vault maps used:
D:        dungeon_sprint_1

Skill      XL: |  1  2  3  4  5  6  7  8  9 10 |
---------------+-------------------------------+-----
Spellcasting   | 5 7 8 9 11 12 14 15 16 | 16.8
Conjurations   | 6 9 10 12 13 14 15 16 | 16.0
Dodging        | 4 |  4.9
Hexes          | 4 5 8 10 12 | 12.0
Fire Magic     | 5 8 10 | 10.4
Shields        | 2 4 |  4.3
Stealth        | |  2.4

Action                   |  1- 3 |  4- 6 |  7- 9 | 10-12 || total
-------------------------+-------+-------+-------+-------++-------
Melee: Unarmed           |     9 |       |     4 |       ||    13
       Dagger            |       |       |       |     1 ||     1
 Cast: Magic Dart        |     3 |     3 |     2 |       ||     8
       Searing Ray       |     1 |     1 |       |       ||     2
       Fulminant Prism   |       |     7 |    22 |     9 ||    38
       Force Lance       |       |     1 |     3 |     6 ||    10
       Dazzling Spray    |       |       |     2 |       ||     2
       Conjure Flame     |       |       |     1 |       ||     1
       Confuse           |       |       |       |     4 ||     4
  Use: Potion            |     1 |       |     4 |     4 ||     9
Armor: Robe              |     2 |       |       |       ||     2
Dodge: Dodged            |     5 |       |     2 |     1 ||     8
Block: Buckler           |       |       |       |     3 ||     3

Table legend:
 A = Spawn XP
 B = Non-spawn XP
 C = Spawn XP percentage of total XP
 D = Spawn monster count
 E = Non-spawn monster count
 F = Spawn count percentage of total count
 G = Total turns spent on level
                    A         B        C        D         E        F      G
               +---------+---------+-------+---------+---------+-------+---------
         Total |       0 |    7800 |   0.0 |       0 |      23 |   0.0 |  1217
               +---------+---------+-------+---------+---------+-------+---------
             D |       0 |    7800 |   0.0 |       0 |      23 |   0.0 |  1217
               +---------+---------+-------+---------+---------+-------+---------
